 Dungeon Crawl Stone Soup version 0.28-a0-1167-g616b1c6417 (webtiles) character file.

Game seed: 2186235092762506785

611 ChaosChampion the Thaumaturge (level 7, 0/36 HPs)
             Began as a Deep Elf Conjurer on Dec 16, 2021.
             Killed by miscasting Iskenderun's Mystic Blast (11 damage)
             ... on level 4 of the Dungeon.
             The game lasted 00:04:57 (4001 turns).

ChaosChampion the Thaumaturge (Deep Elf Conjurer)   Turns: 4001, Time: 00:04:58

Health: 0/36       AC:  2    Str:  4    XL:     7   Next: 20%
Magic:  3/21       EV: 12    Int: 25    God:
Gold:   167        SH:  0    Dex: 13    Spells: 16/23 levels left

rFire   . . .      SeeInvis .   (no weapon)
rCold   . . .      Faith    .   (no shield)
rNeg    . . .      Spirit   .   a - +0 robe
rPois   .          Reflect  .   (no helmet)
rElec   .          Harm     .   (no cloak)
rCorr   .          Rampage  .   (no gloves)
Will    .....                   (no boots)
Stlth   ++........              (no amulet)
HPRegen 0.12/turn               (no ring)
MPRegen 0.17/turn               (no ring)

@: very slightly contaminated
A: no striking features
a: no special abilities


You were on level 4 of the Dungeon.
You visited 1 branch of the dungeon, and saw 4 of its levels.

You collected 167 gold pieces.

Inventory:

Armour
 a - a +0 robe (worn)
Jewellery
 e - a ring of flight
 g - a ring of positive energy
Scrolls
 f - 2 scrolls of vulnerability
 i - 3 scrolls of enchant weapon {unknown}
 j - a scroll of noise {unknown}
 l - a scroll of magic mapping {unknown}
 m - a scroll of identify {unknown}
Potions
 b - a potion of flight {unknown}
 c - a potion of heal wounds {unknown}
 d - 3 potions of curing {unknown}
 h - a potion of berserk rage {unknown}
 k - a potion of degeneration {unknown}
 n - a potion of lignification {unknown}


   Skills:
 - Level 2.4 Dodging
 - Level 2.4 Stealth
 * Level 8.8 Spellcasting
 + Level 6.6 Conjurations


You had 16 spell levels left.
You knew the following spells:

 Your Spells              Type           Power      Damage    Failure   Level
a - Magic Dart            Conj           100%       1d8       1%          1
b - Searing Ray           Conj           88%        2d7       1%          2
d - Iskenderun's Mystic   Conj/Tloc      27%        2d7       14%         4

Your spell library contained the following spells:

 Spells                   Type           Power      Damage    Failure   Level
 Dazzling Flash           Conj/Hex       54%        N/A       4%          3
 Slow                     Hex            44%        N/A       5%          1
 Fulminant Prism          Conj/Hex       13%        3d9       14%         4
 Call Canine Familiar     Summ           11%        N/A       17%         3
 Confusing Touch          Hex            11%        N/A       17%         3
 Gell's Gravitas          Tloc           11%        N/A       17%         3
 Lesser Beckoning         Tloc           11%        N/A       17%         3
 Portal Projectile        Hex/Tloc       22%        N/A       17%         3
 Teleport Other           Tloc           11%        N/A       17%         3
 Leda's Liquefaction      Hex/Erth       5%         N/A       50%         4
 Freezing Cloud           Conj/Ice/Air   11%        6-21      52%         5
 Lee's Rapid Deconstruct  Erth           5%         3d7*      83%         5
 Yara's Violent Unravell  Hex/Tmut       5%         3d4       83%         5
 Death Channel            Necr           5%         N/A       100%        6
 Simulacrum               Ice/Necr       5%         N/A       100%        6
 Statue Form              Tmut/Erth      7%         N/A       100%        6
 Infestation              Necr           5%         N/A       100%        8
 Lehudib's Crystal Spear  Conj/Erth      13%        10d5      100%        8


Dungeon Overview and Level Annotations

Branches:
Dungeon (4/15)
 Temple: D:4-7

Altars:
Ashenzari
The Shining One

Annotations:
D:4 mojasp's ghost, amateur DsAK


Message History

Press: ? - help, Shift-Dir - straight line, f/p - mojasp's ghost
Aim: mojasp's ghost (severely damaged, 91% to hit)
The searing ray hits mojasp's ghost.
Mojasp's ghost is severely damaged. (Press . to maintain the ray.) Mojasp's ghost hits you!
The searing ray hits mojasp's ghost.
Mojasp's ghost is severely damaged.
Mojasp's ghost misses you.
Casting: Searing Ray (safe; 1% risk of failure)
Confirm with . or Enter, or press ? or * to list all spells.
Restarting spell: Searing Ray (safe; 1% risk of failure)
Press: ? - help, Shift-Dir - straight line, f/p - mojasp's ghost
Aim: mojasp's ghost (severely damaged, 91% to hit)
The searing ray hits mojasp's ghost.
Mojasp's ghost is severely damaged. (Press . to maintain the ray.) Mojasp's ghost closely misses you.
Casting: Searing Ray (safe; 1% risk of failure)
Confirm with . or Enter, or press ? or * to list all spells.
The spell is quite dangerous to miscast (14% risk of failure)!
Continue anyway?
You erupt in a blast of force!
The mystic blast hits mojasp's ghost but does no damage.
Mojasp's ghost is severely damaged.
Mojasp's ghost hits you!
* * * LOW HITPOINT WARNING * * *
Okay, then.
Mojasp's ghost closely misses you.
Mojasp's ghost screams, "You will never get the ORB!"
There is an open door here.
Mojasp's ghost hits you but does no damage.
There is an open door here.
There is a stone staircase leading down here.
Casting: Iskenderun's Mystic Blast (quite dangerous; 14% risk of failure)
Confirm with . or Enter, or press ? or * to list all spells.
The spell is quite dangerous to miscast (14% risk of failure)!
Continue anyway?
You miscast Iskenderun's Mystic Blast.
You are very lightly contaminated with residual magic.
Strange energies run through your body!
You die...

.######§≈≈.≈≈#####
...##≈≈§....≈≈##.#########
#.##≈≈.......§§#.........#
###§≈....⌠..§§≈#.#######.#
.##≈...........'.# #.#
.#≈≈..........≈#.# #.#
.#≈.....⌠.....≈#.# #.#
.#§.........§≈≈#.# #.#
.'..........§§##@# #.#
##≈....⌠...§≈§##W# #.####
#≈≈..)....§≈###.#
####.>..# ##≈≈....≈≈§##
#.# #.......#
##≈≈.≈≈≈######>##
#.#####.# ###'####.......#
#.# #.# #.# ######.)# #.#
#.#
#.#####......###.#####.#
#...................##.#


You could see mojasp's ghost.

Vanquished Creatures
  Sigmund (D:2)
  Eustachio (D:4)
  A hound (D:4)
  Jessica (D:2)
  Natasha (thrice) (D:2)
  An orc wizard (D:3)
  4 gnolls (D:3)
  4 adders
  2 worms (D:3)
  A dart slug (D:1)
  3 orcs (D:3)
  5 bats
  6 endoplasms
  6 giant cockroaches
  10 goblins
  9 hobgoblins
  A quokka (D:3)
  5 ball pythons
  4 frilled lizards
  3 kobolds
  14 rats
85 creatures vanquished.

Notes
Turn   | Place    | Note
-------+----------+-------------------------------------------
     0 | D:1      | ChaosChampion the Deep Elf Conjurer began the quest for the
                  | Orb.
     0 | D:1      | Reached XP level 1. HP: 10/10 MP: 6/6
   258 | D:1      | Reached XP level 2. HP: 15/15 MP: 6/8
   292 | D:1      | Learned a level 2 spell: Searing Ray
   619 | D:1      | Reached skill level 4 in Spellcasting
   848 | D:2      | Noticed Natasha
   854 | D:2      | Killed Natasha
   855 | D:2      | Reached XP level 3. HP: 10/19 MP: 0/11
  1041 | D:2      | Noticed Natasha
  1048 | D:2      | Killed Natasha
  1049 | D:2      | Reached skill level 5 in Spellcasting
  1049 | D:2      | Reached skill level 5 in Conjurations
  1049 | D:2      | Reached XP level 4. HP: 21/24 MP: 1/13
  1138 | D:2      | Noticed Natasha
  1141 | D:2      | Killed Natasha
  1197 | D:2      | Noticed Sigmund
  1202 | D:2      | Killed Sigmund
  1203 | D:2      | Reached skill level 7 in Spellcasting
  1203 | D:2      | Reached XP level 5. HP: 18/28 MP: 6/16
  1339 | D:2      | Reached XP level 6. HP: 32/32 MP: 10/18
  1447 | D:2      | Found a glowing golden altar of the Shining One.
  1447 | D:2      | Noticed Jessica
  1450 | D:2      | Killed Jessica
  1561 | D:2      | Found a faded altar of an unknown god.
  3361 | D:3      | Found a glowing golden altar of the Shining One.
  3361 | D:3      | Found a broken altar of Ashenzari.
  3480 | D:4      | Reached skill level 8 in Spellcasting
  3494 | D:4      | Identified a scroll of acquirement
  3494 | D:4      | Acquired the Handbook of Destructive Stolen Souls
  3501 | D:4      | Learned a level 4 spell: Iskenderun's Mystic Blast
  3567 | D:4      | Noticed Eustachio
  3578 | D:4      | Killed Eustachio
  3579 | D:4      | Reached XP level 7. HP: 35/36 MP: 11/21
  3946 | D:4      | Found a runed translucent door.
  3946 | D:4      | Noticed mojasp's ghost (amateur DsAK)
  4001 | D:4      | Killed by miscasting Iskenderun's Mystic Blast

Illustrated notes

Levels and vault maps discovered:
D:1:      dpeg_arrival_ratfight, layout_rooms
D:2:      layout_basic, basic_ecumenical_altar, basic_altar,
          amcnicky_mini_pool_small, uniq_natasha, uniq_sigmund, uniq_jessica
D:3:      layout_loops_corners, gammafunk_temple_overflow_elements,
          minmay_pentangle
D:4:      layout_loops_ring, gammafunk_ghost_grave, kennysheep_potato,
          uniq_eustachio

Skill      XL: |  1  2  3  4  5  6 |
---------------+-------------------+-----
Spellcasting   | 4 5 7 8 |  8.8
Conjurations   | 5 6 |  6.6
Dodging        | |  2.4
Stealth        | |  2.4

Action                   |  1- 3 |  4- 6 |  7- 9 || total
-------------------------+-------+-------+-------++-------
 Cast: Magic Dart        |    46 |    74 |     8 ||   128
       Searing Ray       |     6 |    25 |     6 ||    37
       Iskenderun's Myst |       |       |     2 ||     2
  Use: Scroll            |       |     3 |       ||     3
Armor: Robe              |     1 |     2 |     1 ||     4
Dodge: Dodged            |     2 |     7 |     5 ||    14

Table legend: (Time is in decaauts)
 A = Elapsed time spent in this place.
 B = Non-inter-level travel time spent in this place.
 C = Inter-level travel time spent in this place.
 D = Time resting spent in this place.
 E = Time spent auto-exploring this place.
 F = Levels seen in this place.
 G = Mean time per level.
                   A        B        C        D        E       F      G
               +--------+--------+--------+--------+--------+-----+--------+
         Total |   4006 |   3953 |     53 |    188 |   3302 |   4 | 1001.5 |
       Dungeon |   4006 |   3953 |     53 |    188 |   3302 |   4 | 1001.5 |
               +--------+--------+--------+--------+--------+-----+--------+

Top non-repeatable levels by time:
     D:3: 1528 daAuts
     D:2: 1186 daAuts
     D:1: 766 daAuts
     D:4: 524 daAuts
